 Dungeon Crawl Stone Soup version bcrawl-1.21.3-16-g7f46a08de7 (webtiles) character file.

Game seed: 1912657910964341811

20 Chiseanne the Ducker (level 2, -4/16 HPs)
             Began as a Spriggan Fighter on May 4, 2020.
             Slain by a goblin
             ... wielding a +0 club
             ... led by Robin
              (6 damage)
             ... on level 2 of the Dungeon.
             The game lasted 00:01:41 (447 turns).

Chiseanne the Ducker (Spriggan Fighter)              Turns: 447, Time: 00:01:42

Health: -4/16      AC:  4    Str: 12    XL:     2   Next: 58%
Magic:  3/3        EV: 19    Int:  9    God:
Gold:   61         SH:  6    Dex: 15    Spells: 1/1 levels left

rFire    . . .     SeeInvis +   a - +0 rapier
rCold    . . .     Gourm    .   c - +0 buckler
rNeg     . . .     Faith    .   b - +0 robe
rPois    .         Spirit   .   (helmet restricted)
rElec    .         Reflect  .   (no cloak)
rCorr    .         Harm     .   (gloves unavailable)
MR       .....                  (boots unavailable)
Stlth    ++........             (no amulet)
HPRegen  0.05/turn              (no ring)
MPRegen  0.08/turn              (no ring)

@: very quick
A: very small, unfitting armour, horns 1, molten scales 1, see invisible,
herbivore, speed 3, slow metabolism 2
a: no special abilities


You were on level 2 of the Dungeon.
You were not hungry.

You visited 1 branch of the dungeon, and saw 2 of its levels.

You collected 61 gold pieces.

Inventory:

Hand Weapons
 a - a +0 rapier (weapon)
Missiles
 f - 157 arrows
 h - 3 stones (quivered)
Armour
 b - a +0 robe (worn)
 c - a +0 buckler (worn)
 k - a +1 robe of magic resistance
Potions
 d - a potion of might
 g - a potion of resistance
Comestibles
 e - a ration {!d}


   Skills:
 - Level 2.4 Fighting
 * Level 2.9 Short Blades
 * Level 4.7 Dodging
 * Level 1.7 Stealth
 * Level 2.3 Shields


You had one spell level left.
You didn't know any spells.
Your spell library was empty.

Dungeon Overview and Level Annotations

Branches:
Dungeon (2/12)

Altars:

Annotations:
D:2 Robin


Innate Abilities, Weirdness & Mutations

You are very small and have problems with some larger weapons.
You are too small for most types of armour.
You have supernaturally acute eyesight. (SInv)
You are a herbivore.
You cover ground extremely quickly.
You need to consume almost no food.
You have a pair of small horns on your head.
You are partially covered in molten scales. (AC +2)


Message History

You block Robin's attack. The goblin barely misses you.
The goblin closely misses you.
You barely miss Robin.
Robin is moderately wounded.
You block the goblin's attack. The goblin misses you.
You hit Robin but do no damage.
Robin is moderately wounded.
The goblin barely misses you. The goblin misses you.
You barely miss Robin.
Robin is moderately wounded.
The goblin closely misses you. The goblin hits you with a +0 club.
* * * LOW HITPOINT WARNING * * *
You barely miss Robin.
Robin is moderately wounded.
You block Robin's attack. The goblin misses you. The goblin closely misses you.
You barely miss Robin. Your headbutt misses Robin.
Robin is moderately wounded.
The goblin no longer looks unusually strong.
The goblin completely misses you. The goblin hits you with a +0 club.
You die...

#.# #.# #####
######.#####....
................
.............###
######..#.####
###..#w## #.#######
#...†...# #...gg@g#
#.#.##..# #######g#
#.#####.# ###
#w###.........#..
#####.#..#######..#.#
#.....#...........#.#
#w######.####### .#w#
#.#......# .#.# #..
#...###### #.#
#...##### #.#..


You could see a worm, Robin and 3 goblins.

Vanquished Creatures
  A leopard gecko (D:2)
  A giant cockroach (D:2)
  4 goblins (D:2)
  4 hobgoblins
  3 kobolds (D:2)
  A quokka (D:2)
  A frilled lizard (D:2)
  A rat (D:2)
16 creatures vanquished.

Notes
Turn   | Place    | Note
-------+----------+-------------------------------------------
     0 | D:1      | Chiseanne the Spriggan Fighter began the quest for the Orb.
     0 | D:1      | Reached XP level 1. HP: 11/11 MP: 2/2
   228 | D:2      | Reached skill level 1 in Stealth
   267 | D:2      | Reached XP level 2. HP: 15/16 MP: 3/3
   426 | D:2      | Noticed Robin
   434 | D:2      | Gained mutation: You have a pair of small horns on your
                  | head. [potion of mutation]
   434 | D:2      | Gained mutation: You are partially covered in molten
                  | scales. (AC +2) [potion of mutation]
   447 | D:2      | Slain by a goblin

Skill      XL: |  1 |
---------------+----+-----
Stealth        | 1 |  1.7
Fighting       | |  2.4
Short Blades   | |  2.9
Dodging        | |  4.7
Shields        | |  2.3

Action                   || total
-------------------------++-------
Melee: Rapier            ||    59
       Headbutt          ||     1
  Use: Scroll            ||     1
       Potion            ||     1
Armor: Robe              ||     5
Dodge: Dodged            ||    50
Block: Buckler           ||    23
